 Dungeon Crawl Stone Soup version 0.25.1-2-g60ff931df9 (webtiles) character file.

Game seed: 13592478930009488265

70 raphaelitos the Sneak (level 4, 0/23 HPs)
             Began as a Spriggan Assassin on Nov 18, 2020.
             Slain by a worm (7 damage)
             ... on level 3 of the Dungeon.
             The game lasted 00:05:11 (2005 turns).

raphaelitos the Sneak (Spriggan Assassin)           Turns: 2005, Time: 00:05:11

Health: 0/23       AC:  3    Str:  7    XL:     4   Next: 3%
Magic:  5/5        EV: 17    Int: 12    God:
Gold:   89         SH:  0    Dex: 18    Spells: 3/3 levels left

rFire    + . .     SeeInvis +   h - +0 dagger (curse)
rCold    x . .     Gourm    .   (shield restricted)
rNeg     . . .     Faith    .   b - +0 robe
rPois    .         Spirit   .   (helmet restricted)
rElec    .         Reflect  .   c - +0 cloak
rCorr    .         Harm     .   (gloves unavailable)
MR       .....                  (boots unavailable)
Stlth    ++++......             (no amulet)
HPRegen  0.07/turn              r - ring of fire
MPRegen  0.09/turn              (no ring)

@: very quick
A: very small, unfitting armour, see invisible, herbivore, speed 3, slow
metabolism 2
a: no special abilities


You were on level 3 of the Dungeon.
You were not hungry.

You visited 1 branch of the dungeon, and saw 3 of its levels.

You collected 89 gold pieces.

Inventory:

Hand Weapons
 a - a +3 dagger
 h - a cursed +0 dagger (weapon)
Missiles
 d - a poisoned dart (quivered)
 e - 2 curare-tipped darts
 g - 46 arrows
 k - 3 boomerangs
Armour
 b - a +0 robe (worn)
 c - a +0 cloak (worn)
Jewellery
 r - a ring of fire (left hand)
Wands
 q - a wand of flame (16)
Scrolls
 n - 2 scrolls of teleportation
Potions
 j - 2 potions of mutation
 l - a potion of curing
 m - a potion of heal wounds
 p - a potion of berserk rage
Comestibles
 f - 6 rations


   Skills:
 + Level 1.7 Fighting
 + Level 3.1 Short Blades
 + Level 2.0 Throwing
 + Level 1.8 Dodging
 + Level 7.5 Stealth


You had 3 spell levels left.
You didn't know any spells.
Your spell library was empty.

Dungeon Overview and Level Annotations

Branches:
Dungeon (3/15)

Altars:
Nemelex Xobeh


Innate Abilities, Weirdness & Mutations

You are very small and have problems with some larger weapons.
You are too small for most types of armour.
You have supernaturally acute eyesight. (SInv)
You are a herbivore.
You cover ground extremely quickly.
You need to consume almost no food.


Message History

The worm is lightly wounded.
The worm closely misses you.
You hit the worm but do no damage. You hit the worm but do no damage.
The worm barely misses you.
You hit the worm.
The worm is lightly wounded.
You hit the worm.
The worm is lightly wounded.
The worm closely misses you.
You barely miss the worm.
The worm is lightly wounded.
You hit the worm but do no damage.
The worm is lightly wounded.
The worm closely misses you.
You hit the worm.
The worm is lightly wounded.
You barely miss the worm.
The worm is lightly wounded.
The worm bites you!
You die...

#...#.#....#.######.#...#######
#...#.#.##.....####.#.#.#
#...#..)..#...........#.#
##.######...##..#.......# #.#
#...###...#.##### ..
#.######..#####.##..# #...
#.#........>....###.##.....
#.#.####..#####.###....#
###.#..........@w.....####
#......###..######....#
###.#### #..# ##...### #.# #.##
#(w...# #.# #.# #(..#.### #.#
##.# #.(.#...# #.### #..#
###...#.# #...###.## #.#.#...
###.#...# #.#.......


You could see a worm.

Vanquished Creatures
  3 adders
  2 dart slugs
  An orc (D:3)
  2 ball pythons
  5 goblins
  3 hobgoblins
  6 kobolds
  2 quokkas
  4 bats
  4 frilled lizards
  9 rats
41 creatures vanquished.

Notes
Turn   | Place    | Note
-------+----------+-------------------------------------------
     0 | D:1      | raphaelitos the Spriggan Assassin began the quest for the
                  | Orb.
     0 | D:1      | Reached XP level 1. HP: 10/10 MP: 2/2
   100 | D:1      | Reached skill level 6 in Stealth
   441 | D:1      | Reached XP level 2. HP: 15/15 MP: 3/3
   685 | D:1      | Found a sparkling altar of Nemelex Xobeh.
   857 | D:2      | Reached skill level 7 in Stealth
   861 | D:2      | Reached XP level 3. HP: 18/18 MP: 4/4
   958 | D:2      | You fall into a shaft and drop 1 floor!
  1548 | D:2      | Found a faded altar of an unknown god.
  1948 | D:3      | Reached XP level 4. HP: 23/23 MP: 5/5
  2005 | D:3      | Slain by a worm

Illustrated notes

Levels and vault maps discovered:
D:1:      sevenhm_arrival_forest_fort_small_6, layout_loops_ring,
          nemelex_diamond_rough_becter
D:2:      layout_loops_ring, chequers_ecumenical_altar_twisty
D:3:      layout_rooms, amethyst_overflow_temple_binary

Skill      XL: |  1  2  3 |
---------------+----------+-----
Stealth        | 6 7 |  7.5
Short Blades   | 3 |  3.1
Fighting       | |  1.7
Throwing       | |  2.0
Dodging        | |  1.8

Action                   |  1- 3 |  4- 6 || total
-------------------------+-------+-------++-------
Melee: Dagger            |   106 |    37 ||   143
Throw: Dart              |     3 |     4 ||     7
  Use: Scroll            |     9 |       ||     9
 Stab: Sleeping          |    18 |       ||    18
       Distracted        |     1 |       ||     1
Armor: Robe              |    10 |     3 ||    13
Dodge: Dodged            |    57 |    26 ||    83
